 Dungeon Crawl Stone Soup version 0.23.2-1-ga50397a (webtiles) character file.

Game seed: 4643733816877639983

170 MalarOregon the Skirmisher (level 5, -3/46 HPs)
             Began as a Ghoul Fighter on May 26, 2019.
             Slain by an orc
             ... wielding a +0 hand axe
              (7 damage)
             ... while paralysed by Grinder
             ... on level 4 of the Dungeon.
             The game lasted 00:03:43 (2578 turns).

MalarOregon the Skirmisher (Ghoul Fighter)          Turns: 2578, Time: 00:03:43

Health: -3/46      AC:  8    Str: 20    XL:     5   Next: 50%
Magic:  4/4        EV:  2    Int:  3    God:
Gold:   160        SH:  0    Dex:  9    Spells: 4/4 levels left

rFire    . . .     SeeInvis .   a - +0 long sword
rCold    + . .     Gourm    .   s - +0 shield
rNeg     + + +     Faith    .   b - +0 scale mail
rPois    ∞         Spirit   .   f - +0 helmet
rElec    .         Reflect  .   (no cloak)
rCorr    .         Harm     .   (no gloves)
MR       .....                  (no boots)
Stlth    ..........             (no amulet)
HPRegen  0.00/turn              (no ring)
MPRegen  0.09/turn              (no ring)

@: paralysed, rotting
A: rotting body, claws 1, carnivore, cold resistance 1, negative energy
resistance 3, inhibited regeneration, torment resistance, unbreathing
a: no special abilities


You were on level 4 of the Dungeon.
You were not hungry.

You visited 1 branch of the dungeon, and saw 4 of its levels.

You collected 160 gold pieces.

Inventory:

Hand Weapons
 a - a +0 long sword (weapon)
 j - a +0 vampiric dagger
   (You found it on level 1 of the Dungeon)
Armour
 b - a +0 scale mail (worn)
 f - a +0 helmet (worn)
   (You found it on level 2 of the Dungeon)
 s - a +0 shield (worn)
Wands
 c - a wand of disintegration (15)
   (You found it on level 3 of the Dungeon)
Scrolls
 h - 4 scrolls of teleportation {unknown}
 i - a scroll of noise {unknown}
 k - 4 scrolls of amnesia {unknown}
 l - 5 scrolls of identify {unknown}
 m - 2 scrolls of remove curse {unknown}
 n - a scroll of enchant armour {unknown}
 q - a scroll of fog {unknown}
 r - a scroll of fear {unknown}
Potions
 d - 3 potions of might
 g - 5 potions of curing {unknown}
 p - 2 potions of agility {unknown}
Comestibles
 e - 6 rations {!d}
 o - a chunk of flesh


   Skills:
 + Level 4.0 Fighting
 * Level 3.1 Long Blades
 + Level 3.2 Armour
 * Level 3.8 Shields


You had 4 spell levels left.
You didn't know any spells.
Your spell library was empty.

Dungeon Overview and Level Annotations

Branches:
Dungeon (4/15)
 Temple: D:4-7

Altars:
Dithmenos

Annotations:
D:4 Grinder


Innate Abilities, Weirdness & Mutations

Your body is rotting away.
You thrive on raw meat.
You are immune to poison.
You have sharp fingernails.
You are carnivorous and can eat meat at any time.
Your flesh is cold resistant. (rC+)
You are immune to negative energy. (rN+++)
You do not regenerate when monsters are visible.
You are immune to unholy pain and torment.
You can survive without breathing.


Message History

The orc priest looks braver for a moment.
Grinder hits you.
Unknown command.
You closely miss the orc priest. The orc priest completely misses you.
You riposte.
You hit the orc priest but do no damage.
Grinder hits you.
Your shield and scale mail prevent you from hitting the orc priest.
Grinder barely misses you. You block the orc priest's attack.
Grinder hits you but does no damage.
Eat one of 5 chunks of flesh? (ye/n/q)
You eat one of the 5 chunks of flesh.
This raw flesh tastes great!
The orc hits you with a +0 flail. Grinder hits you.
The orc priest miscasts a cantrip.
The orc closely misses you.
Eat one of 4 chunks of flesh? (ye/n/q)
You eat one of the 4 chunks of flesh.
This raw flesh tastes great!
The orc barely misses you.
You riposte.
You slash the orc!
You kill the orc!
Grinder barely misses you.
The orc priest hits you with a +0 hand axe.
An orc comes into view. It is wielding a -2 club.
You hit the orc priest. The orc barely misses you. Grinder hits you.
* * * LOW HITPOINT WARNING * * *
The orc priest invokes the aid of Beogh against you.
Beogh smites you!
* * * LOW HITPOINT WARNING * * *
The orc hits you with a +0 hand axe.
* * * LOW HITPOINT WARNING * * *
Eat one of 3 chunks of flesh? (ye/n/q)
You eat one of the 3 chunks of flesh.
This raw flesh tastes great!
The orc hits you but does no damage. Grinder hits you.
* * * LOW HITPOINT WARNING * * *
The orc priest looks satisfied for a moment.
The orc hits you but does no damage.
Eat one of 2 chunks of flesh? (ye/n/q)
You eat one of the 2 chunks of flesh.
This raw flesh tastes great!
The orc barely misses you.
You riposte.
Your shield and scale mail prevent you from hitting the orc.
Grinder gestures at you.
You suddenly lose the ability to move!
The orc priest hits you with a +0 hand axe.
* * * LOW HITPOINT WARNING * * *
The orc hits you but does no damage. The orc hits you with a +0 falchion!
* * * LOW HITPOINT WARNING * * *
Grinder hits you.
* * * LOW HITPOINT WARNING * * *
The orc priest hits you but does no damage.
The orc hits you with a +0 hand axe!
You die...

#.#..........
##............
#...#......... ....
#...##..##...# ##....
###..#^#.....####......
##...#..#....o..........
##....#..#...............
#.............o)5........
##..#.....#...o@.......%.
####.....#...o..........
##........÷.÷........
###....###.##.......
##.....##.#..#....
####.....##.# ..# #....##
.. .# ##...# ... . ##..##
##..


You could see Grinder, an orc priest and 3 orcs.

Vanquished Creatures
  A hound skeleton (D:4)
  Robin (D:2)
  4 adders
  A shadow imp (D:3)
  A worm (D:2)
  3 leopard geckos
  2 orcs
  10 bats
  3 giant cockroaches
  14 goblins
  14 hobgoblins
  14 jackals
  7 kobolds
  2 ball pythons
  5 frilled lizards
  9 rats
91 creatures vanquished.

Notes
Turn   | Place    | Note
-------+----------+-------------------------------------------
     0 | D:1      | MalarOregon the Ghoul Fighter began the quest for the Orb.
     0 | D:1      | Reached XP level 1. HP: 19/19 MP: 0/0
   131 | D:1      | Reached XP level 2. HP: 22/26 MP: 1/1
   589 | D:1      | Reached XP level 3. HP: 25/31 MP: 2/2
   758 | D:1      | You fall through a shaft!
   783 | D:2      | Noticed Robin
   823 | D:2      | Killed Robin
  1085 | D:2      | Reached XP level 4. HP: 36/40 MP: 3/3
  1978 | D:3      | Found a shadowy altar of Dithmenos.
  1988 | D:3      | Reached XP level 5. HP: 43/46 MP: 4/4
  2169 | D:3      | Reached skill level 4 in Fighting
  2520 | D:4      | Noticed Grinder
  2537 | D:4      | Paralysed by Grinder for 7 turns
  2547 | D:4      | Paralysed by Grinder for 6 turns
  2566 | D:4      | Paralysed by Grinder for 3 turns
  2576 | D:4      | Paralysed by Grinder for 6 turns
  2578 | D:4      | Slain by an orc

Skill      XL: |  1  2  3  4  5 |
---------------+----------------+-----
Long Blades    | 2 3 |  3.1
Shields        | 3 |  3.8
Armour         | 3 |  3.2
Fighting       | 4 |  4.0

Action                   |  1- 3 |  4- 6 || total
-------------------------+-------+-------++-------
Melee: Long sword        |   144 |   219 ||   363
  Eat: Chunk             |     9 |    17 ||    26
Armor: Scale mail        |    80 |   171 ||   251
Dodge: Dodged            |    53 |   114 ||   167
Block: Shield            |    79 |   177 ||   256
       Rpst.: Long sword |    19 |    40 ||    59
